Map: 2000 Atmospheres LE

Players

TeebuL

  • Race: Protoss Protoss

Cure - Winner!

  • Race: Terran Terran

Event: DreamHack SC2 Masters 2021 Winter

VOD

Have the link to the VOD?

Description

Time

  • Played on: Nov. 9, 2021, 11:18 a.m.
  • Length: 8:32

All games in this series

Show
View Real Time Build Order
Export as new Build Order

TeebuL Protoss 

Build Orders: 1 Gate Expand 

Get SALT Encoding   

  12  0:00  Probe  
  13  0:12  Probe  
  14  0:18  Pylon  
  14  0:25  Probe (Chrono Boost)  
  15  0:37  Probe (Chrono Boost)  
  15  0:40  Gateway  
  16  0:44  Probe (Chrono Boost)  
  16  0:49  Assimilator  
  17  0:51  Probe  
  18  1:03  Probe  
  19  1:15  Probe  
  20  1:28  Cybernetics Core  
  20  1:37  Probe  
  20  1:38  Nexus  
  21  1:48  Pylon  
  21  1:51  Probe  
  22  2:00  Warp Gate (Chrono Boost)  
  22  2:04  Probe  
  22  2:06  Stalker  
  22  2:08  Assimilator  
  24  2:16  Probe  
  25  2:27  Gateway  
  25  2:28  Probe  
  26  2:42  Gateway  
  26  2:44  Stalker  
  28  2:51  Shield Battery  
  28  2:56  Shield Battery  
  28  3:00  Pylon  
  28  3:05  Probe  
  29  3:07  Probe  
  30  3:18  Probe  
  31  3:21  Probe  
  28  3:31  Stalker x2  
  31  3:37  Stalker  
  31  3:40  Probe (Chrono Boost)  
  34  3:45  Probe (Chrono Boost)  
  35  3:52  Probe (Chrono Boost)  
  37  3:57  Probe (Chrono Boost)  
  37  4:01  Probe (Chrono Boost)  
  38  4:05  Probe (Chrono Boost)  
  38  4:08  Probe (Chrono Boost)  
  40  4:10  Twilight Council, Probe (Chrono Boost)  
  41  4:18  Probe (Chrono Boost)  
  43  4:26  Probe (Chrono Boost)  
  43  4:29  Probe (Chrono Boost)  
  44  4:34  Probe x2 (Chrono Boost)  
  46  4:45  Probe x2  
  48  4:49  Stalker x3  
  48  4:51  Blink (Chrono Boost)  
  52  4:57  Probe x2  
  54  5:06  Nexus  
  54  5:12  Pylon  
  54  5:16  Pylon  
  54  5:25  Pylon  
  54  5:27  Probe  
  54  5:29  Probe  
  54  5:40  Probe  
  54  5:41  Probe  
  56  5:45  Sentry  
  58  5:50  Gateway  
  58  5:51  Gateway x2  
  58  5:52  Gateway, Probe  
  58  5:53  Probe  
  60  6:02  Forge  
  60  6:04  Probe  
  58  6:05  Probe  
  58  6:10  Stalker x2  
  63  6:16  Probe x2  
  63  6:18  Probe  
  65  6:24  Probe  
  65  6:25  Dark Shrine  
  66  6:28  Probe  
  66  6:29  Charge (Chrono Boost)  
  66  6:30  Probe  
  66  6:32  Protoss Ground Weapons Level 1 (Chrono Boost)  
  69  6:34  Probe  
  69  6:38  Pylon  
  70  6:40  Assimilator  
  70  6:42  Shield Battery  
  70  6:43  Probe  
  70  6:46  Probe  
  72  6:50  Probe  
  73  6:55  Probe  
  73  6:58  Probe  
  73  7:01  Zealot x6  
  79  7:18  Zealot  
  79  7:19  Probe, Pylon  
  80  7:24  Zealot x5  
  80  7:27  Pylon  
  90  7:32  Sentry  
  90  7:40  Sentry  
  92  7:46  Zealot x5  
  96  7:59  Zealot  
  96  8:04  Zealot  
  70  8:06  Zealot x2  
  70  8:07  Zealot x3  
  68  8:22  Dark Templar  
  64  8:27  Zealot x3  
Show
View Real Time Build Order
Export as new Build Order

Cure Terran - Winner!

Build Orders:  

Get SALT Encoding   

  12  0:00  SCV  
  13  0:12  SCV  
  14  0:17  Supply Depot  
  14  0:25  SCV  
  15  0:38  SCV  
  15  0:39  Barracks  
  16  0:43  Refinery  
  16  0:50  SCV  
  16  0:52  Refinery  
  17  1:02  SCV  
  18  1:14  SCV  
  19  1:25  Supply Depot  
  19  1:27  Reaper, Orbital Command  
  20  1:41  Factory  
  20  1:53  SCV  
  21  1:59  Reaper  
  22  2:05  SCV  
  23  2:17  SCV  
  24  2:24  Command Center  
  24  2:28  Hellion  
  27  2:30  SCV  
  27  2:38  Barracks Reactor  
  27  2:42  SCV  
  28  2:45  Starport  
  28  2:50  Supply Depot  
  28  2:55  Widow Mine  
  28  2:56  SCV  
  31  3:12  SCV  
  32  3:15  Marine x2  
  32  3:16  Widow Mine  
  36  3:24  SCV  
  36  3:31  Bunker  
  36  3:32  Marine x2  
  36  3:33  Medivac  
  39  3:39  Factory Tech Lab  
  39  3:40  SCV  
  39  3:56  Barracks  
  39  3:59  SCV, Siege Tank, Marine x2  
  45  4:04  Orbital Command  
  43  4:10  Starport Tech Lab  
  43  4:11  SCV  
  44  4:17  Marine x2  
  44  4:23  Supply Depot, SCV  
  47  4:28  Raven  
  49  4:36  Siege Tank, Marine x2  
  54  4:44  Barracks Tech Lab  
  54  4:45  SCV x2  
  56  4:51  Supply Depot  
  56  4:58  SCV x2  
  58  5:01  Barracks  
  58  5:03  Marine  
  58  5:04  Stimpack  
  59  5:07  Marine x2  
  59  5:10  SCV  
  59  5:12  SCV  
  63  5:15  Refinery  
  63  5:16  Supply Depot  
  63  5:22  SCV  
  63  5:24  SCV  
  63  5:25  Siege Tank  
  68  5:30  Marine x2  
  68  5:31  Marine, Starport Reactor  
  69  5:38  Supply Depot, SCV x2  
  71  5:46  Engineering Bay  
  71  5:48  Supply Depot  
  71  5:50  SCV x2  
  71  5:55  Marine x3  
  76  6:06  Combat Shield, Marine  
  76  6:08  Factory Reactor  
  76  6:10  SCV x2  
  79  6:13  Terran Infantry Weapons Level 1, Marine x2  
  79  6:16  Supply Depot, Refinery  
  81  6:19  Marauder  
  81  6:24  Marauder, Medivac  
  87  6:28  Missile Turret  
  87  6:31  Supply Depot, Marine x2  
  89  6:32  Medivac  
  89  6:35  SCV x2  
  89  6:38  Supply Depot  
  93  6:42  Marauder  
  93  6:46  Widow Mine x2  
  99  6:48  Marine  
  99  6:49  Marine  
  99  6:50  Concussive Shells  
  99  6:53  Marauder  
  101  7:04  Marauder  
  101  7:06  Marine x2  
  105  7:09  Widow Mine x2, Medivac  
  105  7:11  Supply Depot  
  105  7:12  Supply Depot  
  105  7:14  Marauder  
  112  7:16  Medivac  
  113  7:25  SCV x2  
  113  7:29  Command Center  
  115  7:32  Marine  
  115  7:33  Marauder, Marine  
  115  7:36  Marauder  
  121  7:37  Supply Depot  
  121  7:53  Marine  
  121  7:54  Marauder, Marine  
  121  7:57  Marauder  
  123  8:00  Widow Mine x2, Medivac x2  
  123  8:02  SCV x2  
  119  8:13  Barracks  
  119  8:17  Barracks  

Tags
 
Add a new tag
Caveats
  • Supply blocks, unpowered buildings, or Contaminate may cause inaccurate times.
  • Supply counts are checked every 10 seconds.